 Dungeon Crawl Stone Soup version 0.24-a0-447-ge8da9206dc (webtiles) character file.

Game seed: 13163460575134784324

1357 Sasy the Covert (level 8, -3/36 HPs)
             Began as a Spriggan Enchanter on Jan 31, 2019.
             Was an Initiate of Gozag.
             Killed by divine providence
             ... invoked by an orc priest
              (10 damage)
             ... on level 6 of the Dungeon on June 25, 2019.
             The game lasted 00:41:10 (7844 turns).

Sasy the Covert (Spriggan Enchanter)                Turns: 7844, Time: 00:41:10

Health: -3/36      AC:  9    Str:  5    XL:     8   Next: 37%
Magic:  11/21      EV: 23    Int: 17    God:    Gozag
Gold:   588        SH:  0    Dex: 17    Spells: 12/24 levels left

rFire    . . .     SeeInvis +   a - +2 dagger
rCold    . . .     Gourm    .   (shield restricted)
rNeg     . . .     Faith    .   x - +2 robe
rPois    .         Spirit   .   (helmet restricted)
rElec    .         Reflect  .   w - +0 cloak
rCorr    .         Harm     .   (gloves unavailable)
MR       +....                  (boots unavailable)
Stlth    +++++.....             (no amulet)
HPRegen  0.12/turn              i - +5 ring of slaying
MPRegen  0.17/turn              g - +4 ring of protection

@: very quick
A: very small, unfitting armour, see invisible, herbivore, speed 3, slow
metabolism 2
a: Potion Petition, Call Merchant, Bribe Branch, Renounce Religion


You were on level 6 of the Dungeon.
You worshipped Gozag.
Gozag was pleased with you.
You were hungry.

You visited 2 branches of the dungeon, and saw 7 of its levels.
You also visited: Sewer.

You collected 993 gold pieces.
You paid 405 gold pieces to Gozag.

Inventory:

Hand Weapons
 a - a +2 dagger (weapon)
 b - a +0 shortbow
 u - a +0 hand axe of venom
Missiles
 l - 144 stones (quivered)
 m - 66 arrows
Armour
 w - a +0 cloak (worn)
 x - a +2 robe (worn)
Jewellery
 c - an uncursed ring of magical power
 f - a cursed -2 ring of strength
 g - a +4 ring of protection (right hand)
 i - a +5 ring of slaying (left hand)
 p - an uncursed ring of protection from fire {unknown}
 s - an uncursed ring of protection from cold {unknown}
Scrolls
 k - a scroll of amnesia
 o - a scroll of remove curse {unknown}
 r - a scroll of fear
 v - 2 scrolls of enchant armour
Potions
 e - a potion of invisibility {unknown}
 h - 6 potions of heal wounds {unknown}
 j - 3 potions of curing {unknown}
 n - 3 potions of agility {unknown}
 q - a potion of magic {unknown}
 t - 2 potions of flight {unknown}
 z - 4 potions of degeneration {unknown}
Comestibles
 d - 5 rations


   Skills:
 - Level 1.1 Short Blades
 - Level 7.3 Dodging
 - Level 10.0 Stealth
 + Level 8.9 Spellcasting
 - Level 3.6 Hexes


You had 12 spell levels left.
You knew the following spells:

 Your Spells              Type           Power        Failure   Level  Hunger
a - Corona                Hex            ###....      2%          1    None
b - Ensorcelled Hibernat  Hex/Ice        ##....       7%          2    None
c - Confuse               Hex            ###.....     6%          3    None
d - Dazzling Spray        Conj/Hex       ##....       14%         3    None
e - Tukima's Dance        Hex            ###.....     6%          3    None

Your spell library contained the following spells:

 Spells                   Type           Power        Failure   Level  Hunger


Dungeon Overview and Level Annotations

Branches:
Dungeon (6/15)             Temple (1/1) D:4

Altars:
Ashenzari
Cheibriados
Dithmenos
Elyvilon
Fedhas
Gozag
Hepliaklqana
Kikubaaqudgha
Makhleb
Nemelex Xobeh
Okawaru
Qazlal
Ru
Sif Muna
Trog
Uskayaw
Vehumet
Wu Jian
Xom
Zin
The Shining One

Shops:
D:5 }


Innate Abilities, Weirdness & Mutations

You are very small and have problems with some larger weapons.
You are too small for most types of armour.
You have supernaturally acute eyesight. (SInv)
You are a herbivore.
You cover ground extremely quickly.
You need to consume almost no food.


Message History

You close the door.
An orc opens the door.
Casting: Ensorcelled Hibernation (safe; 7% risk of failure)
Confirm with . or Enter, or press ? or * to list all spells.
Aiming: Ensorcelled Hibernation (safe; 7% risk of failure)
Press: ? - help, Shift-Dir - straight line, f - orc priest
Aim: an orc priest (chance to defeat MR: 44%)
The orc priest resists with some effort.
The orc priest calls down the wrath of Beogh upon you.
Beogh smites you!
* * * LOW HITPOINT WARNING * * *
Casting: Ensorcelled Hibernation (safe; 7% risk of failure)
Confirm with . or Enter, or press ? or * to list all spells.
Aiming: Ensorcelled Hibernation (safe; 7% risk of failure)
Press: ? - help, Shift-Dir - straight line, f/p - orc priest
Aim: an orc priest (chance to defeat MR: 44%)
The orc priest resists with some effort.
The orc priest mumbles some strange prayers to Beogh against you.
Beogh smites you!
You die...
Your body crumbles into a pile of gold.

######.....#.....#
#.....#+####.....######
#....[# #...........# #.....#
#.......>...####### #.....+
#..........$......# #.....#
#.....##.........# #.....#
#.....##.........# #.....#
#.....#..........# #.....#
#....@oo.........# #.....#
#.....#..........## #.....#
#.....#...........# #.....+
#.....#.o..##+#####
#.....#######'#####...#
#.....<...........#...$.....#
#.................#.........#
#.................#.>.......#
#.................#...##'####


You could see an orc priest and an orc.

Vanquished Creatures
  Sigmund (D:2)
  2 phantoms (D:5)
  A centaur (D:5)
  2 ogres
  A big kobold (Sewer)
  A howler monkey (D:4)
  A bullfrog skeleton (D:4)
  4 hounds
  A jelly (D:5)
  A gnoll shaman (D:4)
  An orc priest (D:6)
  4 orc wizards
  Jessica (D:2)
  An iguana (D:5)
  A worker ant (D:6)
  A hound skeleton (D:4)
  6 gnolls (D:4)
  5 adders
  2 river rats (Sewer)
  2 oozes (D:1)
  2 worms
  5 dart slugs
  7 leopard geckos
  9 orcs
  2 ball pythons
  7 bats
  9 giant cockroaches
  7 goblins
  7 hobgoblins
  15 jackals
  2 quokkas (D:3)
  4 frilled lizards
  15 kobolds
  8 rats
138 creatures vanquished.

Notes
Turn   | Place    | Note
-------+----------+-------------------------------------------
     0 | D:1      | Sasy the Spriggan Enchanter began the quest for the Orb.
     0 | D:1      | Reached XP level 1. HP: 9/9 MP: 5/5
   343 | D:1      | Reached skill level 5 in Stealth
   652 | D:1      | Reached XP level 2. HP: 13/13 MP: 6/6
   656 | D:1      | Learned a level 2 spell: Ensorcelled Hibernation
   928 | D:1      | Reached skill level 6 in Stealth
  1254 | D:1      | Reached XP level 3. HP: 16/16 MP: 8/8
  1265 | D:1      | Learned a level 3 spell: Confuse
  1496 | D:1      | Upgraded the game from 0.24-a0-10-gb84795d to
                  | 0.24-a0-447-ge8da9206dc
  1508 | D:2      | Noticed Sigmund
  1513 | D:2      | Killed Sigmund
  1513 | D:2      | Reached skill level 9 in Stealth
  1513 | D:2      | Reached XP level 4. HP: 21/21 MP: 9/9
  1513 | D:2      | Reached XP level 5. HP: 24/24 MP: 10/10
  1806 | D:2      | Found a stormy altar of Qazlal.
  1806 | D:2      | Found an opulent altar of Gozag.
  1818 | D:2      | Found a glowing golden altar of the Shining One.
  1818 | D:2      | Found a burning altar of Makhleb.
  1929 | D:2      | Became a worshipper of Gozag Ym Sagoz the Greedy
  2055 | D:2      | Noticed Jessica
  2059 | D:2      | Killed Jessica
  2059 | D:2      | Reached skill level 10 in Stealth
  2066 | D:2      | Learned a level 3 spell: Dazzling Spray
  2735 | D:3      | Found a shimmering altar of Xom.
  2886 | D:3      | Reached XP level 6. HP: 28/28 MP: 9/12
  3322 | D:3      | Learned a level 3 spell: Tukima's Dance
  3870 | D:4      | Found a staircase to the Ecumenical Temple.
  3876 | Temple   | Entered the Ecumenical Temple
  4085 | D:4      | Reached skill level 5 in Dodging
  4757 | D:4      | Reached XP level 7. HP: 16/32 MP: 13/13
  5648 | D:5      | Entered Level 5 of the Dungeon
  5730 | D:5      | Reached skill level 5 in Spellcasting
  5732 | D:5      | Found a glowing drain.
  5796 | Sewer    | Entered a sewer
  6104 | Sewer    | Found a white marble altar of Elyvilon.
  6556 | D:5      | Found Ziraasis's Gadget Shoppe.
  6611 | D:5      | Reached XP level 8. HP: 36/36 MP: 15/19
  7142 | D:5      | Found an iron altar of Okawaru.
  7844 | D:6      | Killed from afar by an orc priest

Levels and vault maps discovered:
D:1:      wheals_arrival_linesprint, minmay_fountain_box
D:2:      layout_basic, grunt_temple_overflow_open, uniq_sigmund, uniq_jessica
D:3:      layout_basic, overflow_temple_1_default, first_ration
D:4:      minmay_bubble_buster, layout_basic, minmay_temple_entry_hall,
          minmay_misc_feat_iff
D:5:      layout_rooms, serial_shops,
          nicolae_shop_temple_entry_statues_fountains, portal_sewer_entry_f,
          okawaru_altar_gauntlet_db
D:6:      layout_gridville, hangedman_decor_growths, uniq_pikel,
          uniq_blork_the_orc, uniq_duvessa, uniq_grinder
Temple:   kb_temple_of_zot

Skill      XL: |  1  2  3  4  5  6  7  8 |
---------------+-------------------------+-----
Stealth        | 5 6 9 10 | 10.0
Spellcasting   | 3 7 8 |  8.9
Dodging        | 6 7 |  7.3
Short Blades   | |  1.1
Hexes          | |  3.6

Action                   |  1- 3 |  4- 6 |  7- 9 || total
-------------------------+-------+-------+-------++-------
Melee: Dagger            |    47 |   132 |   133 ||   312
Throw: Stone             |       |     1 |     2 ||     3
 Cast: Ensorcelled Hiber |    13 |    71 |    81 ||   165
       Confuse           |       |    10 |     9 ||    19
       Dazzling Spray    |       |     7 |     1 ||     8
Invok: Potion Petition   |       |     1 |     1 ||     2
  Use: Scroll            |     3 |     5 |     4 ||    12
 Stab: Sleeping          |    17 |    46 |    33 ||    96
       Distracted        |     1 |     1 |     2 ||     4
       Confused          |       |     2 |     3 ||     5
       Invisible         |       |     1 |       ||     1
  Eat: Ration            |       |     3 |     3 ||     6
Armor: Robe              |     1 |    16 |    17 ||    34
Dodge: Dodged            |    17 |   107 |   131 ||   255

Table legend:
 A = Non-vault XP
 B = Vault XP
 C = Vault XP percentage of total XP
 D = Non-vault monster count
 E = Vault monster count
 F = Vault count percentage of total count
                 A         B        C        D         E       F
            +---------+---------+-------+---------+---------+-------
      Total |    1279 |     660 |  34.0 |     104 |      34 |  24.6
            +---------+---------+-------+---------+---------+-------
        D:1 |      49 |       0 |   0.0 |      22 |       0 |   0.0
        D:2 |      42 |     245 |  85.4 |      16 |       2 |  11.1
        D:3 |     201 |       0 |   0.0 |      31 |       0 |   0.0
        D:4 |     128 |     267 |  67.6 |      12 |      12 |  50.0
        D:5 |     773 |      25 |   3.1 |      16 |      12 |  42.9
        D:6 |      86 |       0 |   0.0 |       7 |       0 |   0.0
      Sewer |       0 |     123 | 100.0 |       0 |       8 | 100.0
            +---------+---------+-------+---------+---------+-------
